 Dungeon Crawl Stone Soup version 0.29-a0-330-g52719c12eb (webtiles) character file.

Game seed: 1279877922792033270

46 kae the Insei (level 3, -5/27 HPs)
             Began as a Demigod Transmuter on Apr 23, 2022.
             Killed from afar by Sigmund (6 damage)
             ... with a magic dart
             ... on level 2 of the Dungeon.
             The game lasted 00:00:56 (1802 turns).

kae the Insei (Demigod Transmuter)                  Turns: 1802, Time: 00:00:56

Health: -5/27      AC:  2    Str: 11    XL:     3   Next: 26%
Magic:  6/8        EV: 12    Int: 19    God:
Gold:   105        SH:  0    Dex: 14    Spells: 0/6 levels left

rFire   . . .      SeeInvis .     - Unarmed
rCold   . . .      Faith    .   (no shield)
rNeg    . . .      Spirit   .   a - +0 robe
rPois   .          Reflect  .   (no helmet)
rElec   .          Harm     .   (no cloak)
rCorr   .          Rampage  .   (no gloves)
Will    .....                   (no boots)
Stlth   +.........              (no amulet)
HPRegen 0.09/turn               (no ring)
MPRegen 0.11/turn               (no ring)

@: brilliant, wereblooded
A: high MP 1, forlorn, divine attributes
a: no special abilities


You were on level 2 of the Dungeon.
You visited 1 branch of the dungeon, and saw 2 of its levels.

You collected 105 gold pieces.

Inventory:

Armour
 a - a +0 robe (worn)
Scrolls
 c - 2 scrolls of identify
 g - a scroll of vulnerability
Potions
 b - a potion of lignification
 d - a potion of attraction {unknown}
 e - a potion of brilliance
 f - a potion of heal wounds {unknown}


   Skills:
 - Level 0.8 Fighting
 - Level 1.7 Dodging
 * Level 3.5 Unarmed Combat
 + Level 2.2 Spellcasting
 + Level 2.3 Transmutations


You couldn't memorise any spells.
You knew the following spells:

 Your Spells              Type           Power      Damage    Failure   Level
a - Beastly Appendage     Tmut           32%        N/A       6%          1
b - Wereblood             Tmut           16%        N/A       10%         2
c - Spider Form           Tmut/Pois      9%         N/A       30%         3

Your spell library contained the following spells:

 Spells                   Type           Power      Damage    Failure   Level
 Dazzling Flash           Conj/Hex       6%         N/A       45%         3
 Ice Form                 Ice/Tmut       9%         N/A       71%         4
 Iskenderun's Mystic Bla  Conj/Tloc      3%         2d3       86%         4
 Starburst                Conj/Fire      1%         6d3       100%        6


Dungeon Overview and Level Annotations

Branches:
Dungeon (2/15)

Annotations:
D:2 Sigmund


Innate Abilities, Weirdness & Mutations

You have an increased reservoir of magic. (+10% MP)
You shall have no god before yourself.
Your divine heritage dramatically boosts your attributes as you level up.


Message History

The dart slug is heavily wounded.
The dart slug closely misses you.
You hit the dart slug but do no damage.
The dart slug is heavily wounded.
The dart slug bites you but does no damage.
Your magical contamination has completely faded away.
A dart slug is nearby!
You hit the dart slug.
The dart slug is almost dead.
You hit the dart slug.
You kill the dart slug!
Sigmund the Dreaded comes into view.
He is wielding a +0 scythe.
Sigmund shouts!
Sigmund is nearby!
Sigmund hits you but does no damage.
Sigmund is nearby!
You hit Sigmund. Your punch misses Sigmund.
Sigmund is lightly wounded.
Sigmund says, "You will soon forget everything."
Sigmund hits you with a +0 scythe!
You are too injured to fight recklessly!
Casting: Beastly Appendage (safe; 6% risk of failure)
Confirm with . or Enter, or press ? or * to list all spells.
Your blood is infused with primal strength.
Sigmund casts a spell at you. The magic dart hits you!
* * * LOW HITPOINT WARNING * * *
Unknown command.
Okay, then.
As you read the scroll labelled KEGE AMOLY QIX, it crumbles to dust.
It is a scroll of identify.
g - a scroll of vulnerability Sigmund gestures at you while chanting.
The magic dart hits you!
* * * LOW HITPOINT WARNING * * *
It was a potion of brilliance.
You feel clever all of a sudden.
Sigmund points at you and mumbles some strange words.
The magic dart hits you.
You die...

#### ### ##.#.
..# ##.... #.#
.#.....#####.#
......@@..##.#
.#.....##.##.#
.............####
.###.####.†.....#
## #######.# #.#
#.### #...# ###.#


You could see Sigmund.

Vanquished Creatures
  2 dart slugs (D:2)
  7 ball pythons
  2 bats
  An endoplasm (D:1)
  A giant cockroach (D:1)
  4 goblins (D:1)
  3 hobgoblins (D:1)
  4 jackals (D:1)
  4 frilled lizards
  2 kobolds
  11 rats
41 creatures vanquished.

Notes
Turn   | Place    | Note
-------+----------+-------------------------------------------
     0 | D:1      | kae the Demigod Transmuter began the quest for the Orb.
     0 | D:1      | Reached XP level 1. HP: 15/15 MP: 5/5
   354 | D:1      | Reached skill level 3 in Unarmed Combat
   359 | D:1      | Reached XP level 2. HP: 18/22 MP: 7/7
   995 | D:1      | Learned a level 2 spell: Wereblood
  1269 | D:1      | Reached XP level 3. HP: 27/27 MP: 5/8
  1354 | D:2      | Learned a level 3 spell: Spider Form
  1795 | D:2      | Noticed Sigmund
  1801 | D:2      | HP: 1/27 [Sigmund/magic dart (7)]
  1802 | D:2      | Killed from afar by Sigmund

Illustrated notes

Levels and vault maps discovered:
D:1:      onia_arrival_handbag, layout_rooms, ebering_ecumenical_altar_hall,
          interstate_on_off, hangedman_glass_teeth
D:2:      layout_loops_cross, uniq_sigmund

Skill      XL: |  1  2 |
---------------+-------+-----
Unarmed Combat | 3 |  3.5
Transmutations | 2 |  2.3
Spellcasting   | 2 |  2.2
Fighting       | |  0.8
Dodging        | |  1.7

Action                   || total
-------------------------++-------
Melee: Unarmed           ||   103
       Kick              ||    10
       Headbutt          ||     7
       Punch             ||     3
 Cast: Beastly Appendage ||    16
       Wereblood         ||     2
  Use: Scroll            ||     1
       Potion            ||     1
 Stab: Sleeping          ||     2
Armor: Robe              ||    19
Dodge: Dodged            ||    61

Table legend: (Time is in decaauts)
 A = Elapsed time spent in this place.
 B = Non-inter-level travel time spent in this place.
 C = Inter-level travel time spent in this place.
 D = Time resting spent in this place.
 E = Time spent auto-exploring this place.
 F = Levels seen in this place.
 G = Mean time per level.
                   A        B        C        D        E       F      G
               +--------+--------+--------+--------+--------+-----+--------+
         Total |   1796 |   1757 |     39 |    523 |    949 |   2 |  898.0 |
       Dungeon |   1796 |   1757 |     39 |    523 |    949 |   2 |  898.0 |
               +--------+--------+--------+--------+--------+-----+--------+

Top non-repeatable levels by time:
     D:1: 1344 daAuts
     D:2: 451 daAuts
